woodfighter, lawful male giant Barbarian ----- ...$C |!%@| - --- woodfighter the Brigand Experience level: 10 Strength: 18/03 Dexterity: 17 Constitution: 17 Intelligence: 7 Wisdom: 8 Charisma: 11 Health: 0(88) Energy: 17(17) Def: 11 Gold: 365 Moves: 18870 Dungeon seed: v9vdEA9pt2y5PGSA Game ID: woodfighter_1538902078 Your Inventory: Coins $ - 365 gold pieces Amulets F - an uncursed amulet of flying (being worn) Weapons a - a blessed very corroded +3 battle-axe (weapon in hand) Armor e - an uncursed rusty +0 dented pot (being worn) v - an uncursed corroded +1 Uruk-hai shield (being worn) G - an uncursed +0 elven cloak V - an uncursed +0 mummy wrapping (being worn) Comestibles o - 2 uncursed tripe rations K - 5 uncursed food rations Scrolls L - an uncursed scroll of create monster Wands d - a wand of digging (0:7) f - a wand of teleportation (0:5) g - a wand of polymorph (0:5) j - a wand of locking (0:6) l - a wand of enlightenment (0:15) x - a wand of digging (0:3) A - a wand of striking (0:3) C - a wand of make invisible (0:5) J - a wand of create monster (0:9) S - a wand of magic missile (0:7) X - a wand of lightning (0:8) Tools s - an uncursed bag of holding w - a magic marker (0:30) y - an uncursed skeleton key E - an uncursed magic whistle H - an uncursed tooled horn I - a +0 pick-axe W - an uncursed towel Gems k - an uncursed luckstone q - an uncursed turquoise z - an uncursed fluorite D - an uncursed worthless piece of orange glass Q - an uncursed touchstone Boulders/Statues n - an uncursed boulder r - an uncursed boulder u - an uncursed boulder N - an uncursed boulder O - an uncursed boulder Y - an uncursed boulder Contents of the bag of holding: 16361 gold pieces 2 uncursed eucalyptus leaves an uncursed sprig of wolfsbane a [uncursed] scroll of enchant armor a [uncursed] scroll of enchant weapon a [uncursed] scroll of fire a [cursed] scroll of gold detection a [uncursed] scroll of identify a [uncursed] scroll of scare monster a [uncursed] scroll of teleportation a [uncursed] potion of extra healing a [uncursed] potion of fruit juice a [uncursed] potion of full healing 3 [uncursed] potions of healing a [cursed] potion of object detection a [uncursed] potion of oil a [uncursed] potion of paralysis a [uncursed] potion of restore ability a potion of unholy water a [cursed] ring of aggravate monster a [uncursed] ring of poison resistance a [cursed] ring of polymorph a [uncursed] ring of warning Spells and supernatural/magical abilities: Name Level Category Fail Memory W - pray for help -- divine ? -- Your skills at the end: Miscellaneous Skills bare handed combat [Basic] shield [Skilled] Weapon Skills axe [Expert] short sword [Basic] sling [Basic] Spellcasting Skills Final Attributes: You were piously aligned. You were cold resistant. You were sleep resistant. You were poison resistant. Your writing hand was ok. You were telepathic. You had infravision. You could fly. You were fast. You were lucky. You had extra luck. Bad luck did not time out for you. Good luck did not time out for you. You are dead. Vanquished creatures: a vampire lord a vampire 2 giant mimics a large mimic a long worm 2 stalkers a warg 4 quantum mechanics 2 small mimics an ettin mummy a wood golem 2 flaming spheres an ochre jelly 2 chameleons 2 Grey-elves a python 4 giant beetles a cockatrice 7 winter wolf cubs 3 panthers 41 leprechauns 3 orc-captains a mumak 6 giant spiders a scorpion an iron piercer an ice vortex a vampire bat 4 gnome kings 3 orc mummies 3 dwarf mummies 3 owlbears a werewolf 11 piranhas 2 dogs 2 housecats a water nymph 3 dust vortices 3 ravens a plains centaur 2 gnome mummies an ape 4 fire ants 5 bugbears 2 imps 3 baby crocodiles 2 wood nymphs 3 Mordor orcs 6 Uruk-hai 2 rock piercers 3 ponies a fog cloud 3 shriekers a violet fungus 19 gnome lords 5 gnomish wizards 2 kobold mummies 2 red naga hatchlings 3 gray oozes 5 elf zombies 2 ghouls 3 straw golems 2 paper golems 5 jellyfish 3 giant ants 3 puppies 5 floating eyes 3 kittens 3 dwarves a homunculus 5 quasits a kobold lord 10 iguanas 10 hill orcs 2 rabid rats a jitterbug 2 monkeys 4 orc zombies a dwarf zombie 2 wererats a werejackal 32 killer bees 2 coyotes 2 gas spores a hobbit 2 acid blobs 3 large kobolds 6 geckos 8 hobgoblins 4 giant rats 6 cave spiders 3 brown molds 5 yellow molds 2 green molds 2 red molds 47 gnomes 5 garter snakes 13 manes 5 gnome zombies 15 jackals a fox 5 kobolds 15 newts 7 goblins 7 sewer rats 13 grid bugs 6 bats 15 lichens 5 kobold zombies 512 creatures vanquished. Voluntary challenges: You did not cause conflict. You were not invisible. You did not have reflection. You were not displaced. You had been an atheist until turn 2399. You used a wielded weapon 710 times, starting on turn 32. You did not apply a unicorn horn. You did not use plumbed fixtures. You did not drink any magical draughts. You read items or engraved 3 times, starting on turn 4219. You never genocided any monsters. You never polymorphed an object. You changed form 1 time, starting on turn 13251. You cheated 1 time but completed Sokoban on turn 8818. You used no wishes. You never split a pudding. You never wrote Elbereth's name. You never violated your personal moral code. Dungeon overview: The Dungeons of Doom: levels 1 to 15 Level 1 a long staircase Level 2 a fountain Level 3 a fountain Level 4 stairs to The Gnomish Mines Level 5 many fountains Level 6 stairs to Sokoban Level 7 some fountains Level 8 some fountains Level 9 (throne) a fountain, a throne Level 10 (imps) Level 11 portal to The Quest Level 12 a fountain Level 13 a fountain Level 14 a fountain Level 15 <- You were here The Gnomish Mines: levels 5 to 12 Level 5 stairs to The Dungeons of Doom Level 6 Level 7 (white unicorn) Level 8 many shops, a temple to Set, a magic chest, some trees Level 9 Level 10 Level 11 Level 12 a magic chest, some fountains The Quest: Level 1 portal to The Dungeons of Doom Sokoban: levels 2 to 5 Level 2 a magic chest Level 3 Level 4 Level 5 an altar to Crom, a magic chest stairs to The Dungeons of Doom History has recorded: On T:1 you entered the Dungeons of Doom to retrieve the Amulet of Yendor! On T:454 you reached level 2 of The Dungeons of Doom. On T:567 you advanced to experience level 2. On T:913 you reached level 3 of The Dungeons of Doom. On T:1252 you advanced to experience level 3. On T:1558 you reached level 4 of The Dungeons of Doom. On T:1757 you advanced to experience level 4. On T:1913 you reached level 5 of The Dungeons of Doom. On T:2041 you reached level 1 of The Gnomish Mines. On T:2399 you prayed to Mitra. On T:3300 you reached level 6 of The Dungeons of Doom. On T:3438 you advanced to experience level 5. On T:3840 you reached level 7 of The Dungeons of Doom. On T:3881 you reached level 4 of Sokoban. On T:4215 you opened a magic chest. On T:4583 you reached level 3 of Sokoban. On T:6019 you advanced to experience level 6. On T:6090 you reached level 2 of Sokoban. On T:7576 you reached level 1 of Sokoban. On T:8818 you entered the Sokoban zoo. On T:9040 you advanced to experience level 7. On T:9312 you reached level 2 of The Gnomish Mines. On T:10101 you reached level 3 of The Gnomish Mines. On T:10265 you advanced to experience level 8. On T:10442 you reached level 4 of The Gnomish Mines. On T:11210 you reached level 5 of The Gnomish Mines. On T:11424 you entered the Minetown temple On T:12022 you reached level 6 of The Gnomish Mines. On T:12063 you advanced to experience level 9. On T:12200 you reached level 7 of The Gnomish Mines. On T:12532 you reached level 8 of The Gnomish Mines. On T:12532 you reached the bottom of the Mines. On T:14682 you advanced to experience level 8. On T:14828 you reached level 8 of The Dungeons of Doom. On T:15257 you reached level 9 of The Dungeons of Doom. On T:15723 you reached level 10 of The Dungeons of Doom. On T:16110 you advanced to experience level 9. On T:16214 you prayed to Mitra. On T:17068 you reached level 11 of The Dungeons of Doom. On T:17110 you reached level 1 of The Quest. On T:17253 you reached level 12 of The Dungeons of Doom. On T:17272 you advanced to experience level 10. On T:18129 you reached level 13 of The Dungeons of Doom. On T:18193 you reached level 14 of The Dungeons of Doom. On T:18645 you reached level 15 of The Dungeons of Doom. Score breakdown: Gold: 16726 ( 1672 points) Experience: 10 levels ( 900 points) Exploration: 15 levels ( 420 points) Discoveries: 50 items ( 2000 points) Variety of kills: 109 monsters ( 2000 points) Major goal: Sokoban/Mines ( 1500 points) Survival: died (score multiplied by 3) Total score: 25476 Latest messages: The giant spider bites! The giant spider moves its spinnerets around you. The giant spider bites! The giant spider moves its spinnerets around you. You swing your battle-axe in a wide arc. You smite the giant spider! The giant spider bites! The giant spider moves its spinnerets around you. You swing your battle-axe in a wide arc. You smite the giant spider! The giant spider misses. The giant spider moves its spinnerets around you. The mountain centaur punches you! The mountain centaur misses. (2x) You swing your battle-axe in a wide arc. You kill the giant spider! The mountain centaur punches you! The mountain centaur kicks! The mountain centaur misses. You swing your battle-axe in a wide arc. You smite the mountain centaur! The mountain centaur punches you! The mountain centaur kicks! (2x) The mountain centaur punches you! The mountain centaur misses. The mountain centaur kicks! You die... Final status: Goodbye woodfighter the Barbarian, killed by a mountain centaur... You died in The Dungeons of Doom on dungeon level 15 with 25476 points, and 16726 pieces of gold, after 18870 moves. You were level 10 with a maximum of 88 hit points when you died.